 Dungeon Sprint DCSS version 0.31-a0-408-gb642c7f9a3 (webtiles) character file.

Game seed: 1399233118889712269

557 zazu2006 the Carver (level 7, -3/63 HPs)
             Began as a Gnoll Berserker on July 29, 2023.
             Was an Elder of Trog.
             Shot with an arrow by a centaur (8 damage)
             ... in the Dungeon (Sprint IX: "|||||||||||||||||||||||||||||").
             The game lasted 00:01:28 (284 turns).

zazu2006 the Carver (Gnoll Berserker)                Turns: 284, Time: 00:01:28

Health: -3/63      AC: 14    Str: 16    XL:     7   Next: 30%
Magic:  13/15      EV:  7    Int:  9    God:    Trog [****..]
Gold:   0          SH:  0    Dex: 11    Spells: 16/16 levels left

rFire   . . .        k - +2 scimitar (holy)
rCold   . . .        (no shield)
rNeg    . . .        o - +0 plate armour
rPois   .            (no helmet)
rElec   .            (no cloak)
rCorr   .            l - +0 pair of gloves
SInv    .            (no boots)
Will    .....        (no amulet) Stlth
                     (no ring)
HPRegen 0.30/turn    (no ring)
MPRegen 0.14/turn

%: no teleportation
@: on berserk cooldown, slowed, very slow
A: fangs 1, strong nose, distributed training
a: Renounce Religion, Berserk, Trog's Hand, Brothers in Arms


You were in the Dungeon.
You worshipped Trog.
Trog was greatly pleased with you.
You visited 1 branch

Inventory:

Hand Weapons
 a - a +0 falchion
 k - a +2 scimitar of holy wrath (weapon)
Armour
 b - a +0 animal skin
 l - a +0 pair of gloves (worn)
 o - a +0 plate armour (worn)
Jewellery
 m - a +3 ring of strength
 n - a +3 ring of strength
Wands
 j - a wand of quicksilver (8)
Scrolls
 h - 2 scrolls of blinking
Potions
 c - 5 potions of curing
 d - 2 potions of heal wounds
 e - a potion of haste
 f - 4 potions of magic
 g - a potion of berserk rage
 i - a potion of invisibility


   Skills:
 + Level 8.6 Fighting
 + Level 5.4 Short Blades
 + Level 8.6 Long Blades
 + Level 5.4 Axes
 + Level 5.4 Maces & Flails
 + Level 5.4 Polearms
 + Level 5.4 Staves
 + Level 5.4 Ranged Weapons
 + Level 5.4 Throwing
 + Level 7.2 Armour
 + Level 7.2 Dodging
 + Level 5.4 Stealth
 + Level 5.4 Shields
 + Level 5.4 Unarmed Combat
 + Level 5.4 Spellcasting
 + Level 4.5 Conjurations
 + Level 4.5 Hexes
 + Level 4.5 Summonings
 + Level 4.5 Necromancy
 + Level 4.5 Translocations
 + Level 4.5 Transmutations
 + Level 4.5 Fire Magic
 + Level 4.5 Ice Magic
 + Level 4.5 Air Magic
 + Level 4.5 Earth Magic
 + Level 4.5 Poison Magic
 + Level 6.0 Invocations
 + Level 5.4 Evocations
 + Level 4.5 Shapeshifting


You had 16 spell levels left.
You didn't know any spells.
Your spell library was empty.

Dungeon Overview and Level Annotations

Branches:
Dungeon (1/1)

Altars:
Cheibriados
Dithmenos
Elyvilon
Fedhas
Gozag
Hepliaklqana
Kikubaaqudgha
Makhleb
Nemelex Xobeh
Okawaru
Qazlal
Ru
Sif Muna
Trog
Uskayaw
Vehumet
Wu Jian
Xom
Yredelemnul
Zin
The Shining One
Jiyva
Lugonu


Innate Abilities, Weirdness & Mutations

You have very sharp teeth.
Your uncanny sense of smell can sniff out nearby items.
Your experience applies equally to all skills.


Message History

a +0 spear; a +0 robe You closely miss the orc warrior.
Your bite misses the orc warrior.
You are no longer berserk.
You are exhausted.
You feel yourself slow down. The orc warrior barely misses you.
You feel much better.
The orc warrior hits you with a +0 flail.
* * * LOW HITPOINT WARNING * * *
You completely miss the orc warrior.
You bite the orc warrior, but do no damage.
The orc warrior hits you with a +0 flail.
* * * LOW HITPOINT WARNING * * *
The orc warrior closely misses you.
Okay, then.
Aiming: Quicksilver Bolt
Press: ? - help, Shift-Dir - straight line, f - orc warrior
Aim: an orc warrior, wielding a +0 flail and wearing a +0 chain mail (71% to hit)
The bolt of dispelling energy hits the orc warrior!
The orc warrior is heavily wounded.
The bolt of dispelling energy hits the centaur!
The centaur is severely wounded.
The bolt of dispelling energy hits the kobold brigand!!
The kobold brigand is severely wounded.
The orc warrior hits you with a +0 flail!
* * * LOW HITPOINT WARNING * * *
Unknown command.
Unknown command.
Aiming: Quicksilver Bolt
Press: ? - help, Shift-Dir - straight line, f/p - orc warrior
Aim: an orc warrior, wielding a +0 flail and wearing a +0 chain mail (heavily wounded, 71% to hit)
The bolt of dispelling energy hits the orc warrior!
You kill the orc warrior!
Trog accepts your kill.
The bolt of dispelling energy misses the centaur.
The bolt of dispelling energy hits the kobold brigand!
You kill the kobold brigand!
Trog accepts your kill.
The centaur wields a +0 orcbow.
The centaur shoots an arrow.
The arrow hits you!
You die...

∆ ∆
▓+▓
∆
▓)▓
∆
▓c▓
▓)▓
∆
▓@▓
▓[▓
∆
▓)▓
∆
▓'▓
∆
▓.▓
∆
▓.▓
▓.▓
▓[▓
▓.▓


You could see a centaur.

Vanquished Creatures
  A troll (D)
  2 orc warriors (D)
  A black bear (D)
  A phantom (D)
  A kobold brigand (D)
  A wight (D)
  A jelly (D)
  An adder (D)
  A dart slug (D)
  An orc (D)
  A giant cockroach (D)
  A ball python (D)
  2 bats (D)
15 creatures vanquished.

Notes
Turn   | Place    | Note
-------+----------+-------------------------------------------
     0 | D        | zazu2006 the Gnoll Berserker began the quest for the Orb.
     0 | D        | Reached XP level 1. HP: 23/23 MP: 1/1
     9 | D        | Reached ** piety under Trog
    14 | D        | Reached skill level 1 in Short Blades
    14 | D        | Reached skill level 1 in Axes
    14 | D        | Reached skill level 1 in Maces & Flails
    14 | D        | Reached skill level 1 in Polearms
    14 | D        | Reached skill level 1 in Staves
    14 | D        | Reached skill level 1 in Ranged Weapons
    14 | D        | Reached skill level 1 in Throwing
    14 | D        | Reached skill level 1 in Stealth
    14 | D        | Reached skill level 1 in Shields
    14 | D        | Reached skill level 1 in Unarmed Combat
    14 | D        | Reached skill level 1 in Spellcasting
    14 | D        | Reached skill level 1 in Invocations
    14 | D        | Reached skill level 1 in Evocations
    23 | D        | Reached XP level 2. HP: 26/29 MP: 1/3
    34 | D        | Noticed a phantom
    34 | D        | Noticed a black bear
    47 | D        | Killed a black bear
    48 | D        | Reached skill level 5 in Armour
    48 | D        | Reached skill level 5 in Dodging
    48 | D        | Reached XP level 3. HP: 19/36 MP: 3/7
    48 | D        | Reached XP level 4. HP: 22/43 MP: 3/8
    48 | D        | Reached *** piety under Trog
    51 | D        | Reached XP level 5. HP: 15/48 MP: 3/10
    53 | D        | Killed a phantom
   195 | D        | Found a snail-covered altar of Cheibriados.
   195 | D        | Found a shadowy altar of Dithmenos.
   195 | D        | Found a white marble altar of Elyvilon.
   195 | D        | Found a blossoming altar of Fedhas.
   195 | D        | Found an opulent altar of Gozag.
   196 | D        | Found a hazy altar of Hepliaklqana.
   197 | D        | Found a viscous altar of Jiyva.
   198 | D        | Found an ancient bone altar of Kikubaaqudgha.
   199 | D        | Found a corrupted altar of Lugonu.
   200 | D        | Found a burning altar of Makhleb.
   201 | D        | Found a sparkling altar of Nemelex Xobeh.
   202 | D        | Found an iron altar of Okawaru.
   203 | D        | Found a stormy altar of Qazlal.
   204 | D        | Found a sacrificial altar of Ru.
   205 | D        | Found a shimmering blue altar of Sif Muna.
   206 | D        | Found a bloodstained altar of Trog.
   207 | D        | Found a hide-covered altar of Uskayaw.
   208 | D        | Found a radiant altar of Vehumet.
   209 | D        | Found an ornate altar of the Wu Jian Council.
   210 | D        | Found a shimmering altar of Xom.
   211 | D        | Found a basalt altar of Yredelemnul.
   212 | D        | Found a glowing silver altar of Zin.
   213 | D        | Found a glowing golden altar of the Shining One.
   260 | D        | Noticed a kobold brigand
   260 | D        | Noticed a centaur
   260 | D        | Noticed an orc warrior
   260 | D        | Noticed a troll
   260 | D        | Noticed an orc warrior
   266 | D        | Killed an orc warrior
   267 | D        | Reached skill level 5 in Invocations
   267 | D        | Reached XP level 6. HP: 52/56 MP: 12/12
   275 | D        | Killed a troll
   275 | D        | Reached **** piety under Trog
   276 | D        | Reached skill level 5 in Short Blades
   276 | D        | Reached skill level 5 in Axes
   276 | D        | Reached skill level 5 in Maces & Flails
   276 | D        | Reached skill level 5 in Polearms
   276 | D        | Reached skill level 5 in Staves
   276 | D        | Reached skill level 5 in Ranged Weapons
   276 | D        | Reached skill level 5 in Throwing
   276 | D        | Reached skill level 5 in Stealth
   276 | D        | Reached skill level 5 in Shields
   276 | D        | Reached skill level 5 in Unarmed Combat
   276 | D        | Reached skill level 5 in Spellcasting
   276 | D        | Reached skill level 5 in Evocations
   276 | D        | Reached XP level 7. HP: 13/63 MP: 12/15
   279 | D        | HP: 3/94 [orc warrior/+0 flail (11)]
   284 | D        | Shot with an arrow by a centaur

Illustrated notes

Levels and vault maps discovered:
D:        linesprint [early_d, line_temple, items_1, d_10, items_2, lair_1,
          lair_end, items_3, orc_1, orc_end, items_4, d_15, swamp_1, shoals_1,
          snake_1, spider_1, d_20, vaults_1, items_5, swamp_end, shoals_end,
          snake_end, spider_end, vaults_end, d_27, items_6, zot_1, zot_end,
          crypt_end, forest_end, elf_end, slime_end, tomb_end, abyss_end,
          pan_hell_end]

Skill      XL: |  1  2  3  4  5  6  7 |
---------------+----------------------+-----
Short Blades   | 1 3 4 5 |  5.4
Axes           | 1 3 4 5 |  5.4
Maces & Flails | 1 3 4 5 |  5.4
Polearms       | 1 3 4 5 |  5.4
Staves         | 1 3 4 5 |  5.4
Ranged Weapons | 1 3 4 5 |  5.4
Throwing       | 1 3 4 5 |  5.4
Stealth        | 1 3 4 5 |  5.4
Shields        | 1 3 4 5 |  5.4
Unarmed Combat | 1 3 4 5 |  5.4
Spellcasting   | 1 3 4 5 |  5.4
Invocations    | 1 3 5 6 |  6.0
Evocations     | 1 3 4 5 |  5.4
Fighting       | 7 8 |  8.6
Long Blades    | 7 8 |  8.6
Armour         | 5 6 7 |  7.2
Dodging        | 5 6 7 |  7.2
Conjurations   | 2 3 4 |  4.5
Hexes          | 2 3 4 |  4.5
Summonings     | 2 3 4 |  4.5
Necromancy     | 2 3 4 |  4.5
Translocations | 2 3 4 |  4.5
Transmutations | 2 3 4 |  4.5
Fire Magic     | 2 3 4 |  4.5
Ice Magic      | 2 3 4 |  4.5
Air Magic      | 2 3 4 |  4.5
Earth Magic    | 2 3 4 |  4.5
Poison Magic   | 2 3 4 |  4.5
Shapeshifting  | 2 3 4 |  4.5

Action                     |  1- 3 |  4- 6 |  7- 9 || total
---------------------------+-------+-------+-------++-------
  Melee: Falchion          |    27 |     5 |       ||    32
         Bite              |     4 |     2 |     1 ||     7
         Punch             |     1 |       |       ||     1
         Scimitar          |       |    12 |     4 ||    16
 Invoke: Berserk           |     1 |     1 |       ||     2
  Evoke: Wand              |       |       |     2 ||     2
    Use: Potion            |       |       |     1 ||     1
 Armour: Animal skin       |     6 |       |       ||     6
         Plate armour      |       |    14 |     2 ||    16
  Dodge: Dodged            |    22 |     3 |     2 ||    27

Table legend: (Time is in decaauts)
 A = Elapsed time spent in this place.
 B = Non-inter-level travel time spent in this place.
 C = Inter-level travel time spent in this place.
 D = Time resting spent in this place.
 E = Time spent auto-exploring this place.
 F = Levels seen in this place.
 G = Mean time per level.
                   A        B        C        D        E       F      G
               +--------+--------+--------+--------+--------+-----+--------+
         Total |    286 |    286 |      0 |    157 |      5 |   1 |  286.0 |
       Dungeon |    286 |    286 |      0 |    157 |      5 |   1 |  286.0 |
               +--------+--------+--------+--------+--------+-----+--------+

Top non-repeatable levels by time:
       D: 286 daAuts
